 Dungeon Crawl Stone Soup version 0.23-a0-49-gd9f7a49 (webtiles) character file.

7840 Amnesiac the Destroyer (level 11, 0/68 HPs)
             Began as a Mummy Conjurer on Aug 7, 2018.
             Was an Elder of Dithmenos.
             Slain by a centaur (7 damage)
             ... on level 11 of the Dungeon on Aug 8, 2018.
             The game lasted 00:24:20 (11417 turns).

Amnesiac the Destroyer (Mummy Conjurer)            Turns: 11417, Time: 00:24:22

Health: 0/68       AC:  5    Str: 13    XL:     11   Next: 2%
Magic:  4/26       EV: 12    Int: 17    God:    Dithmenos [****..]
Gold:   425        SH:  0    Dex: 12    Spells: 8/33 levels left

rFire    . . .     SeeInvis .   a - +3 scimitar (venom)
rCold    + + .     Gourm    .   (no shield)
rNeg     + + +     Faith    .   o - +2 robe {MR+}
rPois    ∞         Spirit   .   (no helmet)
rElec    .         Reflect  .   j - scarf {rC+ rF+}
rCorr    .         Harm     .   (no gloves)
MR       ++...                  f - +0 pair of boots
Stlth    ++........             (no amulet)
HPRegen  0.21/turn              (no ring)
MPRegen  0.20/turn              (no ring)

@: wreathed by umbra
A: no food or potions, fire vulnerability, cold resistance 1, negative energy
resistance 3, torment resistance, unbreathing
a: Shadow Step, Renounce Religion


You were on level 11 of the Dungeon.
You worshipped Dithmenos.
Dithmenos was greatly pleased with you.
You were not hungry.

You visited 2 branches of the dungeon, and saw 12 of its levels.

You collected 425 gold pieces.

Inventory:

Hand Weapons
 a - a +3 scimitar of venom (weapon)
Armour
 f - a +0 pair of boots (worn)
 j - a scarf of resistance (worn)
 o - a +2 robe of magic resistance (worn)
Wands
 d - a wand of flame (60)
 v - a wand of paralysis (9)
Scrolls
 b - 2 scrolls of identify {!r}
 c - 6 scrolls of teleportation {!r}
 e - 2 scrolls of fear {!r}
 g - a scroll of blinking {!r}
 h - a scroll of immolation {!r}
 i - 3 scrolls of enchant armour {!r}
 k - a scroll of vulnerability {!r, unknown}
 l - 2 scrolls of magic mapping {!r}
 n - a scroll of torment {!r}
 q - 2 scrolls of fog {!r}


   Skills:
 - Level 1.5 Dodging
 - Level 1.5 Stealth
 + Level 11.9 Spellcasting
 * Level 11.9 Conjurations


You had 8 spell levels left.
You knew the following spells:

 Your Spells              Type           Power        Failure   Level  Hunger
a - Iskenderun's Mystic   Conj           ######..     1%          4    N/A
b - Magic Dart            Conj           ####         1%          1    N/A
c - Force Lance           Conj/Tloc      ####....     6%          4    N/A
d - Searing Ray           Conj           ######       1%          2    N/A
e - Dazzling Spray        Conj/Hex       ####..       1%          3    N/A
f - Lightning Bolt        Conj/Air       ####......   17%         5    N/A
q - Fulminant Prism       Conj/Hex       ####......   6%          4    N/A
z - Swiftness             Chrm/Air       ##......     11%         2    N/A

Your spell library contained the following spells:

 Spells                   Type           Power        Failure   Level  Hunger
 Freezing Cloud           Conj/Ice/Air   ###.......   91%         6    N/A
 Ozocubu's Armour         Chrm/Ice       ##......     22%         3    N/A
 Shock                    Conj/Air       ####         1%          1    N/A
 Spider Form              Tmut/Pois      ##........   22%         3    N/A
 Dragon Form              Tmut           ##........   100%        7    N/A
 Airstrike                Air            ##........   56%         4    N/A
 Static Discharge         Conj/Air       ####....     1%          3    N/A
 Beastly Appendage        Tmut           ##....       7%          1    N/A

Dungeon Overview and Level Annotations

Branches:
Dungeon (11/15)            Temple (1/1) D:6            Lair (0/6) D:8
    Orc (0/2) D:10

Altars:
Ashenzari
Cheibriados
Dithmenos
Elyvilon
Fedhas
Gozag
Hepliaklqana
Kikubaaqudgha
Makhleb
Nemelex Xobeh
Okawaru
Qazlal
Ru
Sif Muna
Trog
Uskayaw
Vehumet
Wu Jian
Xom
Yredelemnul
Zin
The Shining One

Shops:
D:5 *   D:6 **   D:8 *

Annotations:
D:5 3 runed doors, eyesofgods1's ghost, novice VSWr


Innate Abilities, Weirdness & Mutations

You do not eat or drink.
Your flesh is vulnerable to fire.
You are immune to poison.
Your flesh is cold resistant. (rC+)
You are immune to negative energy. (rN+++)
You are immune to unholy pain and torment.
You can survive without breathing.


Message History

The centaur wields a runed shortbow.
The centaur shoots an arrow.
The arrow closely misses you. The gargoyle barely misses you.
You riposte.
You hit the gargoyle but do no damage.
The gargoyle is heavily damaged.
Casting: Iskenderun's Mystic Blast (safe; 1% risk of failure)
Confirm with . or Enter, or press ? or * to list all spells.
You don't have enough magic to cast that spell.
Unknown command.
Evoke which item? (* to show all) (? for menu, Esc to quit)
Aiming: Paralyse
Press: ? - help, Shift-Dir - straight line, f/p - gargoyle
Aim: a gargoyle, wielding a mace (heavily damaged, umbra, chance to defeat MR: 28%)
The gargoyle suddenly stops moving!
The centaur shoots an arrow.
The arrow hits you.
The helpless gargoyle fails to defend itself.
You slash the gargoyle!
The gargoyle is almost destroyed.
The centaur hits you with an enchanted shortbow.
The helpless gargoyle fails to defend itself.
You hit the gargoyle but do no damage.
The gargoyle is almost destroyed.
The centaur hits you with an enchanted shortbow.
The centaur closely misses you. x2; You riposte.
You hit the centaur.
The centaur is poisoned.
The centaur is almost dead.
The helpless gargoyle fails to defend itself.
You hit the gargoyle but do no damage.
The gargoyle is almost destroyed.
The centaur closely misses you.
The centaur hits you but does no damage.
The centaur barely misses you.
The centaur hits you with an enchanted shortbow.
The helpless gargoyle fails to defend itself.
You slash the gargoyle!
You destroy the gargoyle!
Dithmenos accepts your kill.
You have reached level 11!
The centaur wields a shortbow.
The centaur shoots an arrow.
The arrow hits you. The centaur hits you!
The centaur hits you with an enchanted shortbow.
* * * LOW HITPOINT WARNING * * *
The centaur closely misses you.
The centaur shoots an arrow.
The arrow hits you!
* * * LOW HITPOINT WARNING * * *
The centaur hits you with an enchanted shortbow.
* * * LOW HITPOINT WARNING * * *
You kill the centaur!
Dithmenos accepts your kill.
The centaur unwields an uncursed shortbow.
The centaur closely misses you.
You riposte.
You closely miss the centaur.
The centaur is almost dead.
The centaur hits you.
* * * LOW HITPOINT WARNING * * *
Found 14 gold pieces.
Items here: ( )) † a mace; a shortbow; 17 arrows; a centaur corpse You hit the centaur but do no damage.
The centaur is poisoned.
The centaur is almost dead.
The centaur hits you!
* * * LOW HITPOINT WARNING * * *
The centaur hits you.
* * * LOW HITPOINT WARNING * * *
The centaur closely misses you. x2; The centaur hits you!
You die...

######## #......#
#....$.# #......#
#####.)....#
#..).cc....#
#.....@################
#..†..c(...............
#......################
#......# #......#
###+####


You could see 3 centaurs.

Vanquished Creatures
  Fannar (D:10)
  Pikel (D:7)
  A centaur zombie (D:10)
  A gargoyle (D:11)
  A hornet (D:7)
  Sigmund (D:2)
  A spriggan (D:7)
  A wyvern (D:9)
  A steam dragon (D:8)
  3 hungry ghosts
  2 hell hounds (D:8)
  2 orc warriors
  2 phantoms
  An ice beast (D:10)
  2 sky beasts
  2 slaves (D:7)
  3 ogres
  9 centaurs
  A crocodile (D:8)
  3 bullfrogs
  A water moccasin zombie (D:10)
  5 scorpions
  5 killer bees (D:8)
  20 wights
  A howler monkey (D:10)
  3 crimson imps
  3 jellies
  3 quasits
  2 hounds
  8 orc priests
  A centaur skeleton (D:7)
  Jessica (D:2)
  4 iguanas
  5 orc wizards
  8 worker ants
  A statue (D:5)
  2 hound zombies
  2 hound skeletons (D:4)
  14 adders
  2 shadow imps
  An ooze (D:4)
  3 adder zombies
  An adder skeleton (D:6)
  3 worms
  4 leopard geckos
  37 orcs
  8 giant cockroaches
  6 goblins
  7 hobgoblins
  15 jackals
  4 kobolds
  3 quokkas
  8 bats
  2 frilled lizards
  A leopard gecko skeleton (D:5)
  A quokka skeleton (D:9)
  3 rats
237 creatures vanquished.

Vanquished Creatures (others)
  An orc warrior (D:7)
  7 fulminant prisms
  A fungus (D:5)
9 creatures vanquished.

Grand Total: 246 creatures vanquished

Notes
Turn   | Place    | Note
-------+----------+-------------------------------------------
     0 | D:1      | Amnesiac the Mummy Conjurer began the quest for the Orb.
     0 | D:1      | Reached XP level 1. HP: 13/13 MP: 4/4
   386 | D:1      | Reached XP level 2. HP: 19/19 MP: 0/6
   438 | D:1      | Learned a level 2 spell: Searing Ray
   733 | D:2      | Reached XP level 3. HP: 9/24 MP: 0/8
  1044 | D:2      | Noticed Sigmund
  1284 | D:5      | Entered Level 5 of the Dungeon
  1436 | D:4      | Reached XP level 4. HP: 28/30 MP: 3/10
  1456 | D:4      | Learned a level 4 spell: Iskenderun's Mystic Blast
  1776 | D:5      | Reached XP level 5. HP: 35/35 MP: 8/11
  1785 | D:5      | Learned a level 4 spell: Force Lance
  1949 | D:4      | Found a bloodstained altar of Trog.
  2055 | D:4      | Reached skill level 5 in Conjurations
  2142 | D:4      | Noticed an ogre
  2148 | D:4      | Killed an ogre
  2148 | D:4      | Reached skill level 5 in Spellcasting
  2148 | D:4      | Reached XP level 6. HP: 31/41 MP: 8/13
  2154 | D:4      | Learned a level 4 spell: Fulminant Prism
  2479 | D:5      | Found a runed gate.
  2479 | D:5      | Found a runed gate.
  2479 | D:5      | Found a runed gate.
  2486 | D:5      | Found an opulent altar of Gozag.
  2486 | D:5      | Noticed eyesofgods1's ghost (novice VSWr)
  2506 | D:5      | Found an iron altar of Okawaru.
  2594 | D:5      | Found a radiant altar of Vehumet.
  2709 | D:5      | Found Dagobamp's Elemental Accessories.
  2721 | D:5      | Reached XP level 7. HP: 40/46 MP: 6/15
  2821 | D:5      | Found a blossoming altar of Fedhas.
  3455 | D:6      | Found a snail-covered altar of Cheibriados.
  3458 | D:6      | Found a white marble altar of Elyvilon.
  3461 | D:6      | Found an opulent altar of Gozag.
  3464 | D:6      | Found a deep blue altar of Sif Muna.
  3635 | D:6      | Found a staircase to the Ecumenical Temple.
  3688 | Temple   | Entered the Ecumenical Temple
  3728 | Temple   | Became a worshipper of Dithmenos the Shadowed
  3925 | D:2      | Killed Sigmund
  4474 | D:2      | Found a basalt altar of Yredelemnul.
  4502 | D:2      | Noticed Jessica
  4504 | D:2      | Killed Jessica
  4504 | D:2      | Reached XP level 8. HP: 52/52 MP: 16/18
  5134 | D:3      | Reached * piety under Dithmenos
  5688 | D:6      | Found a blossoming altar of Fedhas.
  5816 | D:6      | Found a burning altar of Makhleb.
  5819 | D:6      | Found Wuab's Assorted Antiques.
  5822 | D:6      | Found Alainer's Profane Products.
  6879 | D:7      | Noticed a hornet
  6889 | D:7      | Killed a hornet
  6900 | D:7      | Reached XP level 9. HP: 16/57 MP: 5/21
  7046 | D:7      | Noticed Pikel
  7086 | D:8      | Learned a level 3 spell: Dazzling Spray
  7212 | D:8      | Reached ** piety under Dithmenos
  7784 | D:8      | Noticed a gargoyle
  7874 | D:8      | Learned a level 2 spell: Swiftness
  7880 | D:8      | Learned a level 5 spell: Lightning Bolt
  7914 | D:8      | Found Mosk's Demolitions Depot.
  7926 | D:8      | Found a sparkling altar of Nemelex Xobeh.
  8047 | D:8      | Got a bloodstained quarterstaff
  8055 | D:8      | Found a staircase to the Lair.
  8081 | D:8      | Reached skill level 10 in Spellcasting
  8081 | D:8      | Reached skill level 10 in Conjurations
  8273 | D:8      | Identified the +7 quarterstaff of Cuniz {freeze, Str+8} (You found it on level 8 of the Dungeon)
  8617 | D:7      | Found a glowing silver altar of Zin.
  8668 | D:7      | Killed Pikel
  8668 | D:7      | Reached XP level 10. HP: 56/63 MP: 16/24
  9074 | D:7      | Reached *** piety under Dithmenos
  9864 | D:9      | Found a shattered altar of Ashenzari.
  9987 | D:9      | Reached **** piety under Dithmenos
 10310 | D:10     | Entered Level 10 of the Dungeon
 10318 | D:10     | Found a staircase to the Orcish Mines.
 10635 | D:10     | Noticed Fannar
 10931 | D:10     | Killed Fannar
 11015 | D:10     | Identified the Reference Book on Shape Shifting and the Snowflakes
 11415 | D:11     | Killed a gargoyle
 11415 | D:11     | Reached XP level 11. HP: 47/68 MP: 3/26
 11417 | D:11     | Slain by a centaur

Vault maps used:
D:1:      dpeg_arrival_signposts
D:2:      yredelemnul_altar_generic, wad_floor_pattern_1,
          minmay_split_cup_small, uniq_sigmund, uniq_jessica
D:4:      bloody_trog, first_ration
D:5:      kennysheep_mini, fedhas_altar_3, vehumet_statue, ebering_ghost_gozag,
          corexii_checkpoint_a, nicolae_elemental_shop
D:6:      grunt_temple_overflow_cloverleaf, minmay_temple_entry_statues_pillars,
          serial_shops, shop, basic_altar, nicolae_evil_shop
D:7:      kennysheep_little_box, the_bakery, uniq_pikel
D:8:      nemelex_xobeh_ov_fountains_minmay, minmay_lair_entry_lava,
          kennysheep_decorative_pillar, nicolae_blasting_shop
D:9:      cheibrodos_ashenzari_chains
D:10:     orc_0_dummy, uniq_fannar
D:11:     serial_shops, shop, uniq_grum, uniq_snorg, uniq_maurice
Temple:   cyrus_temple_forest

Skill      XL: |  1  2  3  4  5  6  7  8  9 10 |
---------------+-------------------------------+-----
Spellcasting   | 3 4 5 7 8 10 11 | 11.9
Conjurations   | 4 5 6 7 8 10 11 | 11.9
Dodging        | |  1.5
Stealth        | |  1.5

Action                   |  1- 3 |  4- 6 |  7- 9 | 10-12 || total
-------------------------+-------+-------+-------+-------++-------
Melee: Dagger            |    13 |       |       |       ||    13
       Unarmed           |     7 |       |       |       ||     7
       Scimitar          |       |       |    15 |    54 ||    69
 Fire: Hand crossbow     |       |     7 |    63 |       ||    70
       Shortbow          |       |       |    19 |       ||    19
       Arbalest          |       |       |    12 |       ||    12
 Cast: Magic Dart        |    40 |    10 |    94 |    11 ||   155
       Searing Ray       |    11 |    20 |    64 |    18 ||   113
       Iskenderun's Myst |       |       |     2 |    48 ||    50
       Dazzling Spray    |       |       |     1 |     1 ||     2
       Lightning Bolt    |       |       |       |     9 ||     9
       Fulminant Prism   |       |       |       |     7 ||     7
Evoke: Wand              |       |       |     5 |     4 ||     9
  Use: Scroll            |     3 |     2 |    13 |     1 ||    19
 Stab: Sleeping          |       |       |     1 |       ||     1
       Paralysed         |       |       |       |     4 ||     4
Armor: Robe              |     2 |       |    11 |    17 ||    30
       Leather armour    |     7 |     5 |    23 |       ||    35
Dodge: Dodged            |    33 |     8 |   118 |    77 ||   236
       Rpst.: Scimitar   |       |       |    12 |    24 ||    36

Table legend:
 A = Spawn XP
 B = Non-spawn XP
 C = Spawn XP percentage of total XP
 D = Spawn monster count
 E = Non-spawn monster count
 F = Spawn count percentage of total count
 G = Total turns spent on level
                    A         B        C        D         E        F      G
               +---------+---------+-------+---------+---------+-------+---------
         Total |       0 |   11200 |   0.0 |       0 |     236 |   0.0 | 11417
               +---------+---------+-------+---------+---------+-------+---------
           D:1 |       0 |      30 |   0.0 |       0 |      17 |   0.0 |   929
           D:2 |       0 |     357 |   0.0 |       0 |      20 |   0.0 |  1079
           D:3 |       0 |     108 |   0.0 |       0 |      19 |   0.0 |   995
           D:4 |       0 |     410 |   0.0 |       0 |      22 |   0.0 |   972
           D:5 |       0 |     296 |   0.0 |       0 |      15 |   0.0 |  1050
           D:6 |       0 |     537 |   0.0 |       0 |      11 |   0.0 |  1370
           D:7 |       0 |    2568 |   0.0 |       0 |      31 |   0.0 |  1296
           D:8 |       0 |    2113 |   0.0 |       0 |      44 |   0.0 |  1516
           D:9 |       0 |    1757 |   0.0 |       0 |      35 |   0.0 |  1275
          D:10 |       0 |    2284 |   0.0 |       0 |      17 |   0.0 |   823
          D:11 |       0 |     740 |   0.0 |       0 |       5 |   0.0 |    32
               +---------+---------+-------+---------+---------+-------+---------
